AoeStats
← serkoprime

Arabia

509227309Analyzed
1v1 RM · 8d ago on Sep 26, 2026· 15m 12s· 2 players
Game mode
Random Map
Map size
Tiny (2 player)
Population
200
Speed
Normal
Resources
Standard
Victory
Conquest
Starting age
Dark Age
Ending age
Imperial Age
RankedLock teamsTeams togetherTeam positionsShared explorationLock speedFull tech treeHidden civsTurbo modeCheats
Victory
Defeat
🇩🇪 Bohemians · Germany
1844
+8
🇦🇺 Burgundians · Australia
1665
-8
serkoprime
6:12 Loom
9:43 Feudal Age
9:51 Man-at-Arms
12:45 Double-Bit Axe
owengold23
5:26 Double-Bit Axe
6:42 Loom
10:02 Feudal Age
9:59 Horse Collar
Connection lost

Rejoining the realm…

Still unreachable

The connection could not be restored.

Session expired

The server has moved on; the page needs a fresh start.